 Dungeon Crawl Stone Soup version 0.24-a0-365-ga4d96b6e6e (webtiles) character file.

Game seed: 12682025037439616395

53 tsouns the Skirmisher (level 3, -3/34 HPs)
             Began as a Hill Orc Abyssal Knight on May 27, 2019.
             Was a Follower of Lugonu.
             Slain by a worker ant (4 damage)
             ... on level 2 of the Dungeon.
             The game lasted 00:03:39 (1127 turns).

tsouns the Skirmisher (Hill Orc Abyssal Knight)     Turns: 1127, Time: 00:03:40

Health: -3/34      AC:  7    Str: 15    XL:     3   Next: 89%
Magic:  0/4        EV: 14    Int: 12    God:    Lugonu [*.....]
Gold:   72         SH:  0    Dex: 15    Spells: 2/2 levels left

rFire    . . .     SeeInvis .   a - +1 hand axe
rCold    . . .     Gourm    .   (no shield)
rNeg     . . .     Faith    .   p - +0 scale mail
rPois    .         Spirit   +   (no helmet)
rElec    .         Reflect  .   (no cloak)
rCorr    .         Harm     .   k - +0 pair of gloves
MR       .....                  (no boots)
Stlth    +.........             q - amulet of guardian spirit
HPRegen  0.11/turn              (no ring)
MPRegen  0.09/turn              (no ring)

@: agile, lethally poisoned (-3 -> -6)
A: no striking features
a: Depart the Abyss, Renounce Religion


You were on level 2 of the Dungeon.
You worshipped Lugonu.
Lugonu was aware of your devotion.
You were hungry.

You visited 1 branch of the dungeon, and saw 2 of its levels.
You visited the Abyss 1 time.

You collected 72 gold pieces.

Inventory:

Hand Weapons
 a - a +1 hand axe (weapon)
Missiles
 g - 59 stones (quivered)
 j - 17 poisoned darts
 o - 4 atropa-tipped darts
Armour
 b - a +0 leather armour
 k - a +0 pair of gloves (worn)
 p - a +0 scale mail (worn)
Jewellery
 q - an amulet of guardian spirit (around neck)
Scrolls
 d - a scroll of fear {unknown}
 e - a scroll of enchant armour {unknown}
 f - 2 scrolls of immolation {unknown}
 h - a scroll of teleportation {unknown}
 l - a scroll of remove curse {unknown}
 m - a scroll of noise {unknown}
 n - 2 scrolls of identify {unknown}
Potions
 i - a potion of agility
Comestibles
 c - 4 rations


   Skills:
 + Level 4.7 Fighting
 + Level 4.2 Axes
 - Level 2.1 Armour
 - Level 0.7 Dodging
 - Level 2.4 Invocations


You had 2 spell levels left.
You didn't know any spells.
Your spell library was empty.

Dungeon Overview and Level Annotations

Branches:
Dungeon (2/15)

Altars:
Ashenzari


Message History

The worker ant is lightly wounded.
* * * LOW HITPOINT WARNING * * *
You feel sick. The worker ant closely misses you.
You barely miss the worker ant.
The worker ant is lightly wounded.
The worker ant bites you.
* * * LOW HITPOINT WARNING * * *
The worker ant misses you.
You hit the worker ant.
The worker ant is moderately wounded.
* * * LOW HITPOINT WARNING * * *
You feel sick. The worker ant misses you.
You closely miss the worker ant.
The worker ant is moderately wounded.
The worker ant closely misses you.
You closely miss the worker ant.
The worker ant is moderately wounded.
* * * LOW HITPOINT WARNING * * *
You feel sick. The worker ant bites you.
You die...

#.# #.#####
##########.#
#.#
#........#.#
#.#
...........#
#.#
#.######.###
#.# #...#
#.# ###.#
#.#
#a#######.#
#.@.......#
###########


You could see a worker ant.

Vanquished Creatures
  An adder (D:2)
  An ooze (D:1)
  A dart slug (D:1)
  An orc (D:2)
  3 bats
  2 giant cockroaches
  2 hobgoblins (D:1)
  6 jackals
  A ball python (D:2)
  2 frilled lizards
  6 goblins
  3 kobolds
  8 rats
37 creatures vanquished.

Notes
Turn   | Place    | Note
-------+----------+-------------------------------------------
     0 | Abyss:1  | tsouns the Hill Orc Abyssal Knight began the quest for the
                  | Orb.
     0 | Abyss:1  | Reached XP level 1. HP: 19/19 MP: 2/2
    39 | Abyss:1  | Noticed a white very ugly thing
    39 | Abyss:1  | Noticed a starcursed mass
    40 | D:1      | Escaped the Abyss
   102 | D:1      | Reached * piety under Lugonu
   111 | D:1      | Reached XP level 2. HP: 15/27 MP: 3/3
   500 | D:1      | Reached XP level 3. HP: 33/34 MP: 4/4
  1047 | D:2      | Found a shattered altar of Ashenzari.
  1125 | D:2      | HP: 1/34 [poisoned by a worker ant]
  1127 | D:2      | Slain by a worker ant

Levels and vault maps discovered:
D:1:      dpeg_arrival_rooms_a, layout_rooms, chequers_serial_rivers_room_b,
          dk_noncrumbling_4
D:2:      layout_loops_ring, lemuel_crystal_altar,
          lemuel_coloured_pillars_altar, first_ration, minmay_pentomino_pile

Skill      XL: |  1  2  3 |
---------------+----------+-----
Axes           | 3 4 |  4.2
Fighting       | 4 |  4.7
Armour         | |  2.1
Dodging        | |  0.7
Invocations    | |  2.4

Action                   || total
-------------------------++-------
Melee: Hand axe          ||   119
Invok: Depart the Abyss  ||     1
  Use: Potion            ||     1
Armor: Leather armour    ||    31
       Scale mail        ||     5
Dodge: Dodged            ||    76

Table legend:
 A = Non-vault XP
 B = Vault XP
 C = Vault XP percentage of total XP
 D = Non-vault monster count
 E = Vault monster count
 F = Vault count percentage of total count
                 A         B        C        D         E       F
            +---------+---------+-------+---------+---------+-------
      Total |      59 |      18 |  23.4 |      34 |       3 |   8.1
            +---------+---------+-------+---------+---------+-------
        D:1 |      36 |       0 |   0.0 |      19 |       0 |   0.0
        D:2 |      23 |      18 |  43.9 |      15 |       3 |  16.7
            +---------+---------+-------+---------+---------+-------
